 Dungeon Crawl Stone Soup version 0.25-a0-287-g56a5b49892 (webtiles) character file.

Game seed: 14367683240540622022, levelgen mode: deterministic

539 MoonlitKnight the Chopper (level 7, -4/61 HPs)
             Began as a Hill Orc Fighter on Dec 12, 2019.
             Was an Initiate of Beogh.
             Slain by a hell rat (16 damage)
             ... on level 5 of the Dungeon.
             The game lasted 00:09:23 (4359 turns).

MoonlitKnight the Chopper (Hill Orc Fighter)        Turns: 4359, Time: 00:09:24

Health: -4/61      AC:  9    Str: 21    XL:     7   Next: 26%
Magic:  7/7        EV:  7    Int:  8    God:    Beogh [......]
Gold:   266        SH: 11    Dex: 10    Spells: 6/6 levels left

rFire    . . .     SeeInvis .   a - +0 war axe
rCold    . . .     Gourm    .   n - +2 shield
rNeg     . . .     Faith    .   y - +1 scale mail of Yguph {rElec Stlth+}
rPois    .         Spirit   .   (no helmet)
rElec    +         Reflect  .   (no cloak)
rCorr    .         Harm     .   u - +0 pair of gloves
MR       .....                  (no boots)
Stlth    +.........             (no amulet)
HPRegen  0.20/turn              (no ring)
MPRegen  0.10/turn              (no ring)

@: drained
A: no striking features
a: Renounce Religion


You were on level 5 of the Dungeon.
You worshipped Beogh.
Beogh was noncommittal.
You were not hungry.

You visited 1 branch of the dungeon, and saw 7 of its levels.
You also visited: Sewer.

You collected 266 gold pieces.

Inventory:

Hand Weapons
 a - a +0 war axe (weapon)
Missiles
 k - 26 sling bullets
 l - a throwing net (quivered)
Armour
 n - a +2 shield (worn)
 o - a +0 plate armour
 u - a +0 pair of gloves (worn)
 y - the +1 scale mail of Yguph (worn) {rElec Stlth+}
   (You found it on level 7 of the Dungeon)

   It insulates you from electricity.
   It makes you more stealthy.
Wands
 b - a wand of acid (16)
 t - a wand of flame (22)
Scrolls
 c - 3 scrolls of noise {unknown}
 e - a scroll of random uselessness {unknown}
 g - 3 scrolls of enchant armour {unknown}
 h - 2 scrolls of teleportation {unknown}
 i - a scroll of remove curse {unknown}
 j - 5 scrolls of identify {unknown}
 x - 3 scrolls of amnesia {unknown}
 A - a scroll of fear {unknown}
Potions
 d - a potion of might
 m - a potion of curing {unknown}
 p - a potion of cancellation {unknown}
 q - 2 potions of brilliance {unknown}
 r - 2 potions of invisibility {unknown}
 s - 2 potions of lignification {unknown}
 v - 2 potions of mutation {unknown}
 z - 3 potions of flight {unknown}
Comestibles
 f - 6 rations
 w - 4 chunks of flesh


   Skills:
 + Level 5.3(4.7) Fighting
 * Level 6.7(6.0) Axes
 + Level 4.9(4.2) Armour
 + Level 4.9(4.2) Shields


You had 6 spell levels left.
You didn't know any spells.
Your spell library was empty.

Dungeon Overview and Level Annotations

Branches:
Dungeon (7/15)             Temple (0/1) D:5           Sewer (visited)

Altars:
Dithmenos
Xom

Shops:
D:5 !%%


Message History

You kill the rat!
Beogh accepts your kill.
You slash the hell rat!
A rat comes into view.
You block the hell rat's attack. The hell rat barely misses you.
Okay, then.
You hit the hell rat.
The hell rat is moderately wounded.
You closely miss the hell rat. The hell rat bites you!
* * * LOW HITPOINT WARNING * * *
You block the hell rat's attack. The hell rat bites you.
* * * LOW HITPOINT WARNING * * *
You feel drained. You block the hell rat's attack.
Things that are here:
a chunk of flesh; a rat skeleton
w - 4 chunks of flesh (gained 1)
You block the hell rat's attack.
The hell rat bites you but does no damage.
The hell rat bites you!
You die...

#########..##............
##.#.##................
#.#.###............####
##.##÷##............####
##.####.#...............#
##.### #.##.##........##.#
#.##[. ##.#..########.##.#
##.#...###.##. #.##.#
#.##.r..#.@# .# #.##.#
##.#..rr#.r# .## #.....
#÷## #..#rr###..######..#.#
#.# #rr#.##...........#..
#.##...†#..##...........###
##.##.....###...........#.#
#.###.#.#.###...........#..
##.#####.###'...........#.#
#.###.###÷.#...........#.#


You could see 3 hell rats and a rat.

Vanquished Creatures
  A crocodile (Sewer)
  A crimson imp (D:4)
  A hound (D:7)
  5 worker ants
  An iguana (D:5)
  6 adders
  8 river rats
  An ooze (D:2)
  7 worms
  6 leopard geckos
  An orc (D:4)
  4 bats
  3 giant cockroaches
  7 goblins
  8 hobgoblins
  6 jackals
  14 kobolds
  5 quokkas
  4 frilled lizards
  A jackal skeleton (D:5)
  21 rats
111 creatures vanquished.

Vanquished Creatures (others)
  2 orcs (D:4)
  2 plants (D:7)
  4 toadstools (D:1)
8 creatures vanquished.

Grand Total: 119 creatures vanquished

Notes
Turn   | Place    | Note
-------+----------+-------------------------------------------
     0 | D:1      | MoonlitKnight the Hill Orc Fighter began the quest for the
                  | Orb.
     0 | D:1      | Reached XP level 1. HP: 19/19 MP: 1/1
   102 | D:1      | Reached skill level 3 in Axes
   128 | D:1      | Reached XP level 2. HP: 27/27 MP: 2/2
   436 | D:1      | Reached XP level 3. HP: 33/33 MP: 3/3
  1027 | D:2      | Reached skill level 4 in Axes
  1057 | D:2      | Found a shadowy altar of Dithmenos.
  1070 | D:2      | Reached XP level 4. HP: 40/40 MP: 4/4
  1697 | D:3      | Reached XP level 5. HP: 33/47 MP: 5/5
  1738 | D:3      | Reached skill level 5 in Axes
  1781 | D:3      | Found a glowing drain.
  1789 | Sewer    | Entered a sewer
  2051 | Sewer    | Noticed a crocodile
  2061 | Sewer    | Killed a crocodile
  2061 | Sewer    | Reached XP level 6. HP: 14/55 MP: 6/6
  2861 | D:4      | You fall into a shaft and drop 3 floors!
  2922 | D:7      | Reached skill level 5 in Fighting
  2927 | D:7      | Reached skill level 6 in Axes
  2951 | D:7      | Found a shimmering altar of Xom.
  2956 | D:7      | Got a warped scale mail
  2966 | D:7      | Identified the +1 scale mail of Yguph {rElec Stlth+} (You
                  | found it on level 7 of the Dungeon)
  2999 | D:5      | Entered Level 5 of the Dungeon
  2999 | D:5      | Found a staircase to the Ecumenical Temple.
  3813 | D:4      | Became a worshipper of Beogh the Brigand
  3892 | D:4      | Reached XP level 7. HP: 59/61 MP: 7/7
  4066 | D:5      | Found Tek Bize's Food Boutique.
  4235 | D:5      | Found Poyn's Food Shop.
  4240 | D:5      | Found Ozuapliu's Distillery.
  4352 | D:5      | Found the +2 ratskin cloak {+Rats rPois rN+ Str-1 Int-1
                  | Dex+1}
  4359 | D:5      | Slain by a hell rat

Levels and vault maps discovered:
D:1:      ldierk_walled_garden_2, layout_loops_ring
D:2:      layout_basic, grunt_dithmenos_smoke_and_mirrors,
          minmay_misc_feat_plants, st_stairs_10
D:3:      layout_loops_corners, lightli_sewer_entry_pipes
D:4:      layout_layer_cave, first_ration
D:5:      wander_guarded_unrand_ratskin, layout_basic,
          minmay_temple_entry_junction, serial_shops, nicolae_shop_statue_plus,
          nicolae_shop_trees, nicolae_shop_statue_plus, kennysheep_mini_moat,
          kennysheep_little_box
D:6:      layout_gridville
D:7:      cheibrodos_barr_body, layout_rooms, overflow_temple_1_default,
          kennysheep_mini, nrook_uturn, minmay_the_grid_2x2
          [minmay_the_grid_holed_spiral, minmay_the_grid_rooms,
          minmay_the_grid_garden, minmay_the_grid_prize_four_corners]

Skill      XL: |  1  2  3  4  5  6 |
---------------+-------------------+-----
Axes           | 3 4 5 6 |  6.7
Fighting       | 4 5 |  5.3
Armour         | 4 |  4.9
Shields        | 4 |  4.9

Action                   |  1- 3 |  4- 6 |  7- 9 || total
-------------------------+-------+-------+-------++-------
Melee: War axe           |   136 |   261 |    67 ||   464
Invok: Convert to Beogh  |       |     1 |       ||     1
  Eat: Chunk             |     1 |     6 |     2 ||     9
       Ration            |       |     1 |       ||     1
Armor: Scale mail        |    28 |    16 |    19 ||    63
       Chain mail        |    37 |       |       ||    37
       Plate armour      |    18 |   113 |       ||   131
Dodge: Dodged            |    31 |    44 |    16 ||    91
Block: Shield            |    88 |   154 |    42 ||   284

Table legend:
 A = Non-vault XP
 B = Vault XP
 C = Vault XP percentage of total XP
 D = Non-vault monster count
 E = Vault monster count
 F = Vault count percentage of total count
                 A         B        C        D         E       F
            +---------+---------+-------+---------+---------+-------
      Total |     478 |     292 |  37.9 |      73 |      38 |  34.2
            +---------+---------+-------+---------+---------+-------
        D:1 |      40 |       0 |   0.0 |      22 |       0 |   0.0
        D:2 |      52 |       8 |  13.3 |      19 |       3 |  13.6
        D:3 |      49 |     108 |  68.8 |      13 |      14 |  51.9
        D:4 |     141 |       0 |   0.0 |      10 |       0 |   0.0
        D:5 |      82 |      51 |  38.3 |       6 |      15 |  71.4
        D:7 |     114 |       0 |   0.0 |       3 |       0 |   0.0
      Sewer |       0 |     125 | 100.0 |       0 |       6 | 100.0
            +---------+---------+-------+---------+---------+-------
